 Dungeon Crawl Stone Soup version 0.21.1-1-g345015f (webtiles) character file.

37 tidbits the Chiller (level 3, 0/25 HPs)
             Began as a Gnoll Ice Elementalist on Apr 3, 2018.
             Slain by a two-headed ogre
             ... wielding a +0 giant club
              (25 damage)
             ... while paralysed
             ... on level 3 of the Dungeon.
             The game lasted 00:05:26 (699 turns).

tidbits the Chiller (Gnoll Ice Elementalist)         Turns: 699, Time: 00:05:27

Health: 0/25       AC:  8    Str: 10    XL:     3   Next: 41%
Magic:  6/9        EV:  2    Int: 18    God:
Gold:   126        SH:  0    Dex: 20    Spells: 6/12 levels left

rFire    . . .     SeeInvis .   a - +0 dagger
rCold    . . .     Gourm    .   (no shield)
rNeg     + . .     Faith    .   B - +0 robe
rPois    .         Spirit   .   (no helmet)
rElec    .         Reflect  .   (no cloak)
rCorr    .         Harm     .   (no gloves)
MR       .....                  (no boots)
Stlth    ++++......             (no amulet)
HPRegen  0.08/turn              i - ring of positive energy
MPRegen  0.11/turn              (no ring)

@: paralysed, agile, icy armour, berserk cooldown, slowed, slow
A: distributed training, fangs 1, strong nose
a: no special abilities


You were on level 3 of the Dungeon.
You were not hungry.

You visited 1 branch of the dungeon, and saw 4 of its levels.

You collected 126 gold pieces.

Inventory:

Hand Weapons
 a - a +0 dagger (weapon)
 b - a +0 whip of draining
   (You took it off a kobold on level 2 of the Dungeon)
 m - a +0 hunting sling
 s - a +0 war axe
Missiles
 f - 48 stones (quivered)
 q - 24 arrows
Armour
 o - a +2 shield
 t - a +0 robe
 B - a +0 robe (worn)
Jewellery
 i - a ring of positive energy (left hand)
   (You found it on level 2 of the Dungeon)
 u - an uncursed ring of teleportation
   (You found it on level 3 of the Dungeon)
Scrolls
 d - a scroll of random uselessness
 h - a scroll of noise
 j - a scroll of fear
 l - a scroll of blinking
 n - a scroll of amnesia
 r - a scroll of remove curse
Potions
 e - a potion of haste {unknown}
 g - a potion of agility
 k - a potion of berserk rage
 v - 2 potions of lignification {unknown}
Books
 p - a book of Frost

   Spells                             Type                      Level
   a - Freeze                         Ice                          1
   b - Throw Frost                    Conjuration/Ice              2
   c - Ozocubu's Armour               Charms/Ice                   3
   d - Throw Icicle                   Conjuration/Ice              4
   e - Summon Ice Beast               Ice/Summoning                4
Comestibles
 c - 2 rations


   Skills:
 + Level 0.7 Fighting
 + Level 0.7 Short Blades
 + Level 0.7 Long Blades
 + Level 0.7 Axes
 + Level 0.7 Maces & Flails
 + Level 0.7 Polearms
 + Level 0.7 Staves
 + Level 0.7 Slings
 + Level 0.7 Bows
 + Level 0.7 Crossbows
 + Level 0.7 Throwing
 + Level 0.7 Armour
 + Level 4.5 Dodging
 + Level 4.1 Stealth
 + Level 0.7 Shields
 + Level 0.7 Unarmed Combat
 + Level 5.0 Spellcasting
 + Level 2.1 Conjurations
 + Level 0.5 Hexes
 + Level 0.5 Charms
 + Level 0.5 Summonings
 + Level 0.5 Necromancy
 + Level 0.5 Translocations
 + Level 0.5 Transmutations
 + Level 0.5 Fire Magic
 + Level 5.4 Ice Magic
 + Level 0.5 Air Magic
 + Level 0.5 Earth Magic
 + Level 0.5 Poison Magic
 + Level 0.9 Invocations
 + Level 0.7 Evocations


You had 6 spell levels left.
You knew the following spells:

 Your Spells              Type           Power        Failure   Level  Hunger
a - Freeze                Ice            ###.         1%          1    None
j - Throw Frost           Conj/Ice       ###...       4%          2    #......
o - Ozocubu's Armour      Chrm/Ice       ###.....     12%         3    ##.....


Dungeon Overview and Level Annotations

Branches:
Dungeon (4/15)
 Temple: D:4-7

Altars:
Ashenzari

Shops:
D:4 *


Innate Abilities, Weirdness & Mutations

Your experience applies equally to all skills.
You have very sharp teeth.
Your uncanny sense of smell can sniff out nearby items.


Message History

The kobold shouts!
You kill the kobold!
There is a stone staircase leading down here.
You climb downwards.
There is a stone staircase leading up here.
Unknown command.
Found a stone staircase leading down.
Found 4 gold pieces.
Unknown command.
Found 6 gold pieces.
You see here 6 gold pieces.
You now have 95 gold pieces (gained 6).
Found a scroll of random uselessness.
You see here a scroll of random uselessness.
Found 18 gold pieces.
You see here 4 gold pieces.
You now have 99 gold pieces (gained 4).
Found 9 gold pieces.
Found a shattered altar of Ashenzari.
You see here 18 gold pieces.
You now have 117 gold pieces (gained 18).
A frilled lizard comes into view.
Found a scroll of identify.
You see here 9 gold pieces.
You now have 126 gold pieces (gained 9).
Found a stone staircase leading up.
Unknown command.
Casting: Freeze
Confirm with . or Enter, or press ? or * to list all spells.
Aiming: Freeze
Press: ? - help, Shift-Dir - straight line, f - frilled lizard
Aim: a frilled lizard You freeze the frilled lizard.
You kill the frilled lizard!
Found Zin's Purification Station.
An adder comes into view.
The adder moves out of view.
Unknown command.
You see here a scroll of identify.
As you read the scroll of identify, it crumbles to dust.
l - a scroll of blinking
There is a stone staircase leading up here.
Magic restored.
You climb upwards.
You hear the sound of rushing water.
There is an entrance to a sewer on this level.
Hurry and find it before the portal rusts away!
You hear the brisk rusting of a distant drain.
There is a stone staircase leading down here.
A hobgoblin comes into view. It is wielding a club.
You hit the hobgoblin.
You bite the hobgoblin, but do no damage.
The hobgoblin is severely wounded.
The hobgoblin barely misses you.
Casting: Freeze
Confirm with . or Enter, or press ? or * to list all spells.
Aiming: Freeze
Press: ? - help, Shift-Dir - straight line, f - hobgoblin
Aim: a hobgoblin, wielding a club (severely wounded)
You freeze the hobgoblin.
You kill the hobgoblin!
A goblin comes into view. It is wielding a dagger.
Things that are here:
a club; a hobgoblin corpse The helpless goblin fails to defend itself.
You puncture the goblin!
You kill the goblin!
Things that are here:
a club; a hobgoblin corpse
Found an escape hatch in the floor.
Unknown command.
You hear the brisk rusting of a distant drain.
A two-headed ogre comes into view. It is wielding two giant clubs.
Found 2 bubbling orange potions.
The two-headed ogre shouts in stereo!
Found 2 rations.
Unknown command.
Casting: Freeze
Confirm with . or Enter, or press ? or * to list all spells.
A film of ice covers your body!
It was a potion of agility.
You feel agile all of a sudden.
It was a potion of berserk rage.
A red film seems to cover your vision as you go berserk!
You feel yourself moving faster!
You feel mighty!
You feel a strong urge to attack something.
A ball python comes into view.
The ball python hisses angrily.
You hit the two-headed ogre but do no damage.
The two-headed ogre completely misses you.
The two-headed ogre closely misses you.
A giant cockroach comes into view.
You puncture the two-headed ogre!
The two-headed ogre is lightly wounded.
You hit the two-headed ogre but do no damage.
The two-headed ogre is lightly wounded.
You are no longer berserk.
You pass out from exhaustion.
You feel yourself slow down.
The two-headed ogre hits you with a giant club!!
Ouch! That really hurt!
You die...

# .# ###% # #.%
####.##.#
#.....O@################
#......................#
#......##############.##
#...... #.# #..S... #.#
#s..... #.## .!.....
#..# .###### #.##
######+### #.#


You could see a two-headed ogre, a giant cockroach and a ball python.

Vanquished Creatures
  A worm (D:2)
  A dart slug (D:1)
  An orc (D:3)
  4 giant cockroaches
  4 goblins
  7 hobgoblins
  2 kobolds
  2 bats (D:1)
  2 frilled lizards
  4 rats
28 creatures vanquished.

Notes
Turn   | Place    | Note
-------+----------+-------------------------------------------
     0 | D:1      | tidbits the Gnoll Ice Elementalist began the quest for the Orb.
     0 | D:1      | Reached XP level 1. HP: 13/13 MP: 6/6
    83 | D:2      | Reached skill level 2 in Conjurations
    86 | D:2      | Reached XP level 2. HP: 13/19 MP: 4/7
    96 | D:1      | Learned a level 2 spell: Throw Frost
   348 | D:2      | Reached XP level 3. HP: 19/25 MP: 2/9
   353 | D:2      | Learned a level 3 spell: Ozocubu's Armour
   416 | D:3      | Reached skill level 5 in Spellcasting
   596 | D:4      | Found a shattered altar of Ashenzari.
   613 | D:4      | Found Zin's Purification Station.
   690 | D:3      | Noticed a two-headed ogre
   699 | D:3      | Slain by a two-headed ogre

Skill      XL: |  1  2  3 |
---------------+----------+-----
Conjurations   | 2 |  2.1
Spellcasting   | 5 |  5.0
Fighting       | |  0.7
Short Blades   | |  0.7
Long Blades    | |  0.7
Axes           | |  0.7
Maces & Flails | |  0.7
Polearms       | |  0.7
Staves         | |  0.7
Slings         | |  0.7
Bows           | |  0.7
Crossbows      | |  0.7
Throwing       | |  0.7
Armour         | |  0.7
Dodging        | |  4.5
Stealth        | |  4.1
Shields        | |  0.7
Unarmed Combat | |  0.7
Hexes          | |  0.5
Charms         | |  0.5
Summonings     | |  0.5
Necromancy     | |  0.5
Translocations | |  0.5
Transmutations | |  0.5
Fire Magic     | |  0.5
Ice Magic      | |  5.4
Air Magic      | |  0.5
Earth Magic    | |  0.5
Poison Magic   | |  0.5
Invocations    | |  0.9
Evocations     | |  0.7

Action                   || total
-------------------------++-------
Melee: Unarmed           ||     7
       Bite              ||     4
       Whip              ||    10
       Dagger            ||     6
 Cast: Freeze            ||    32
       Ozocubu's Armour  ||     1
  Use: Scroll            ||     6
       Potion            ||     2
 Stab: Sleeping          ||     5
Armor: Robe              ||     7
Dodge: Dodged            ||    28

Table legend:
 A = Turns spent in this place as a percentage of turns spent in the entire game.
 B = Non-inter-level travel turns spent in this place as a percentage of non-inter-level travel turns spent in the entire game.
 C = Inter-level travel turns spent in this place as a percentage of turns spent in this place.
 D = Turns resting spent in this place as a percentage of non-inter-level travel turns spent in this place.
 E = Turns spent auto-exploring this place as a percentage of non-inter-level travel turns spent in this place.
 F = Non-inter-level travel turns spent in this place divided by the number of levels of this place that you've seen.
                   A       B       C       D       E      F
               +-------+-------+-------+-------+-------+----------------------
         Total | 100.0 | 100.0 |   0.0 |   0.0 |   0.0 | 174.8
       Dungeon | 100.0 | 100.0 |   0.0 |   0.0 |   0.0 | 174.8
               +-------+-------+-------+-------+-------+----------------------

Table legend:
 A = Kills in this place as a percentage of kills in entire the game.
 B = Kills by you in this place as a percentage of kills by you in the entire game.
 C = Kills by friends in this place as a percentage of kills by friends in the entire game.
 D = Other kills in this place as a percentage of other kills in the entire game.
 E = Experience gained in this place as a percentage of experience gained in the entire game.
 F = Experience gained in this place divided by the number of levels of this place that you have seen.
                   A       B       C       D       E      F
               +-------+-------+-------+-------+-------+----------------------
         Total | 100.0 | 100.0 |   N/A |   N/A | 100.0 |  13.5
       Dungeon | 100.0 | 100.0 |   N/A |   N/A | 100.0 |  13.5
               +-------+-------+-------+-------+-------+----------------------

Vault maps used:
D:1:      wheals_arrival_shading, minmay_misc_feat_iff
D:2:      corexii_hall_statues_u
D:3:      portal_sewer_entry_a
D:4:      ashenzari_conservatory_becter, zin_purify, first_ration,
          minmay_quantized, uniq_duvessa
